AoeStats
← Reis

African Clearing

504338044Analyzed
4v4 RM · 29d ago on Sep 4, 2026· 23m 47s· 8 players
Game mode
Random Map
Map size
Large (8 player)
Population
200
Speed
Normal
Resources
Standard
Victory
Conquest
Starting age
Dark Age
Ending age
Imperial Age
RankedLock teamsTeams togetherTeam positionsShared explorationLock speedFull tech treeHidden civsTurbo modeCheats
Victory
Defeat
🇭🇺 Tatars · Hungary
1677
+10
🇨🇭 Bulgarians · Switzerland
1413
+21
🇧🇷 Huns · Brazil
1409
+21
🇬🇧 Hindustanis · United Kingdom
1402
+21
🇨🇳 Berbers · China
1550
-19
🇩🇪 Mongols · Germany
1519
-18
🇦🇷 Khmer · Argentina
1508
-18
🇦🇷 Huns · Argentina
1507
-18
enzoyin68
13:42 Feudal Age
12:29 Loom
14:19 Double-Bit Axe
14:48 Double-Bit Axe
17:14 Castle Age
15:55 Stone Mining
16:28 Gold Mining
16:57 Horse Collar
17:11 Fletching
19:19 Bow Saw
21:55 Bodkin Arrow
23:40 Wheelbarrow
NoName06
11:19 Loom
13:24 Feudal Age
17:29 Castle Age
15:34 Double-Bit Axe
18:05 Fletching
amtiky
12:23 Loom
15:19 Feudal Age
19:10 Castle Age
17:50 Fishing Lines
17:56 Double-Bit Axe
18:25 Horse Collar
20:47 Bow Saw
21:18 Fletching
ValkriaN
4:53 Loom
13:00 Feudal Age
14:26 Double-Bit Axe
15:22 Double-Bit Axe
19:34 Castle Age
19:10 Fletching
21:43 Bow Saw
[H] Blabla
9:16 Loom
12:20 Feudal Age
15:26 Fletching
25:03 Castle Age
23:17 Padded Archer Armor
23:36 Gold Mining
Reis
8:31 Loom
14:07 Feudal Age
19:38 Castle Age
18:40 Double-Bit Axe
jeffarin_bobzos
9:27 Loom
12:56 Feudal Age
13:24 Double-Bit Axe
19:16 Forging
20:21 Scale Barding Armor
21:08 Bloodlines
22:38 Horse Collar
Kuroko
3:14 Loom
13:45 Feudal Age
16:07 Double-Bit Axe
18:48 Castle Age
17:15 Fletching
18:40 Padded Archer Armor
20:10 Bloodlines
Connection lost

Rejoining the realm…

Still unreachable

The connection could not be restored.

Session expired

The server has moved on; the page needs a fresh start.